 Dungeon Crawl Stone Soup version 0.27.0-1-g7a089689b8 (webtiles) character file.

Game seed: 2340442149794427432

35 wakim the Sneak (level 3, 0/19 HPs)
             Began as a Kobold Enchanter on Aug 2, 2021.
             Succumbed to an adder's poison
             ... on level 2 of the Dungeon.
             The game lasted 00:03:59 (1844 turns).

wakim the Sneak (Kobold Enchanter)                  Turns: 1844, Time: 00:04:00

Health: 0/19       AC:  2    Str:  5    XL:     3   Next: 55%
Magic:  0/6        EV: 15    Int: 16    God:
Gold:   6          SH:  0    Dex: 16    Spells: 0/6 levels left

rFire    + . .     SeeInvis .   a - +1 dagger
rCold    + . .     Faith    .   (shield restricted)
rNeg     . . .     Spirit   .   h - +0 robe {rC+ rF+}
rPois    .         Reflect  .   (no helmet)
rElec    .         Harm     .   (no cloak)
rCorr    .         Rampage  .   (no gloves)
Will     .....                  (no boots)
Stlth    ++++......             (no amulet)
HPRegen  0.06/turn              (no ring)
MPRegen  0.10/turn              (no ring)

@: lethally poisoned (0 -> -4)
A: small, no large weapons, nightstalker 3
a: no special abilities


You were on level 2 of the Dungeon.
You visited 1 branch of the dungeon, and saw 2 of its levels.

You collected 6 gold pieces.

Inventory:

Hand Weapons
 a - a +1 dagger (weapon)
Missiles
 g - 8 curare-tipped darts {=f}
Armour
 h - a +0 robe of resistance (worn)
Potions
 H - a potion of haste


   Skills:
 + Level 3.1 Short Blades
 + Level 3.0 Dodging
 - Level 4.0 Stealth
 + Level 2.1 Spellcasting
 * Level 3.1 Hexes
 * Level 0.9 Ice Magic


You couldn't memorise any spells.
You knew the following spells:

 Your Spells              Type           Power      Damage    Failure   Level
a - Corona                Hex            12%        N/A       5%          1
b - Confusing Touch       Hex            11%        N/A       17%         3
x - Ensorcelled Hibernat  Hex/Ice        16%        N/A       14%         2

Your spell library contained the following spells:

 Spells                   Type           Power      Damage    Failure   Level
 Tukima's Dance           Hex            11%        N/A       17%         3
 Dazzling Flash           Conj/Hex       12%        N/A       32%         3
 Passage of Golubria      Tloc           N/A        N/A       90%         4
 Yara's Violent Unravell  Hex/Tmut       3%         3d4       96%         5


Dungeon Overview and Level Annotations

Branches:
Dungeon (2/15)

Altars:


Innate Abilities, Weirdness & Mutations

You are small and have problems with some larger weapons.
You are completely attuned to the shadows.


Message History

* * * LOW HITPOINT WARNING * * *
You hit the adder.
The adder is heavily wounded.
The adder closely misses you. x2
You hit the adder.
The adder is severely wounded.
The adder closely misses you.
You hit the adder but do no damage.
The adder is severely wounded.
The adder bites you but does no damage.
You closely miss the adder.
The adder is severely wounded.
The adder closely misses you.
You closely miss the adder.
The adder is severely wounded.
The adder bites you but does no damage.
Casting: Corona (safe; 5% risk of failure)
Confirm with . or Enter, or press ? or * to list all spells.
Aiming: Corona (safe; 5% risk of failure)
Press: ? - help, Shift-Dir - straight line, f/p - adder
Aim: an adder (severely wounded, chance to affect: 55%)
The adder is outlined in light.
The adder bites you.
* * * LOW HITPOINT WARNING * * *
You barely miss the adder.
The adder is severely wounded.
The adder misses you. The adder barely misses you.
Your magical contamination has completely faded away.
You closely miss the adder.
The adder is severely wounded.
The adder bites you.
* * * LOW HITPOINT WARNING * * *
You are lethally poisoned!
The adder poisons you!
You hit the adder but do no damage.
The adder is severely wounded.
* * * LOW HITPOINT WARNING * * *
You feel sick. The adder bites you but does no damage.
You hit the adder but do no damage.
The adder is heavily wounded.
You die...

#. #. #. .##.#######
..........#####
...............
###.#####S#####
#.#####@## #
.......#.####.# ####
##.)...###...†.#
#... #####..#.######
#... #.#.## #...
#.#.# #..<
#.#.########## #...
#...(........# ###.
###.########.######.


You could see an adder (corona).

Vanquished Creatures
  2 bats (D:1)
  2 endoplasms (D:1)
  3 giant cockroaches (D:1)
  5 hobgoblins (D:1)
  A quokka (D:1)
  4 ball pythons (D:1)
  2 frilled lizards
  4 goblins
  3 kobolds (D:1)
  6 rats
32 creatures vanquished.

Notes
Turn   | Place    | Note
-------+----------+-------------------------------------------
     0 | D:1      | wakim the Kobold Enchanter began the quest for the Orb.
     0 | D:1      | Reached XP level 1. HP: 10/10 MP: 3/3
   282 | D:1      | Found a faded altar of an unknown god.
   297 | D:1      | Reached XP level 2. HP: 5/15 MP: 3/5
   528 | D:1      | Learned a level 2 spell: Ensorcelled Hibernation
   761 | D:1      | Reached XP level 3. HP: 18/19 MP: 2/6
  1779 | D:2      | Learned a level 3 spell: Confusing Touch
  1844 | D:2      | Succumbed to an adder's poison

Illustrated notes

Levels and vault maps discovered:
D:1:      noname_arrival_rooms_in_the_neighbourhood, layout_loops_ring,
          ebering_ecumenical_altar_sacrificial, minmay_3d_cube
D:2:      minmay_wonky_spiral, layout_loops_ring

Skill      XL: |  1  2  3 |
---------------+----------+-----
Short Blades   | 2 3 |  3.1
Dodging        | 3 |  3.0
Stealth        | |  4.0
Spellcasting   | |  2.1
Hexes          | |  3.1
Ice Magic      | |  0.9

Action                   || total
-------------------------++-------
Melee: Dagger            ||    60
 Cast: Corona            ||     4
       Ensorcelled Hiber ||    13
  Use: Scroll            ||     3
 Stab: Sleeping          ||    26
Armor: Robe              ||    10
Dodge: Dodged            ||    27
